 Dungeon Crawl Stone Soup version 0.27-a0-1442-g87b6fcb595 (webtiles) character file.

Game seed: 12354198315182869815

236746 Tocho the Peltast (level 18, -2/165 HPs)
             Began as a Deep Dwarf Fighter on July 2, 2021.
             Was the Champion of Makhleb.
             Slain by the 27-headed Lernaean hydra (8 damage)
             ... on level 4 of the Swamp on July 4, 2021.
             The game lasted 02:13:27 (29054 turns).

Tocho the Peltast (Deep Dwarf Fighter)             Turns: 29054, Time: 02:13:27

Health: -2/165     AC: 29    Str: 33    XL:     18   Next: 94%
Magic:  0/0        EV: 13    Int: 10    God:    Makhleb [******]
Gold:   2042       SH: 23    Dex: 13    Spells: 17/17 levels left

rFire    + + +     SeeInvis .   E - +10 rapier of the Thirsty Ears {elec, rF+ rC+ rCorr Str+3}
rCold    + + .     Faith    .   y - +0 tower shield
rNeg     + + .     Spirit   .   t - +0 swamp dragon scales
rPois    +         Reflect  .   o - +2 helmet
rElec    .         Harm     .   W - scarf {rC+ rF+}
rCorr    +         Rampage  .   O - +2 pair of gloves {Stlth+}
Will     ++...                  A - +2 pair of boots
Stlth    ++........             q - macabre finger necklace {rN+}
HPRegen  0.00/turn              u - ring of protection from fire
MPRegen  0.07/turn              f - +4 ring of protection
                                T - +4 ring of protection

@: mighty, very slow
A: damage resistance, heal wounds, negative energy resistance 1, sense
surroundings 3, no regeneration, strong 2
}: 1/15 runes: serpentine
a: Heal Wounds, Renounce Religion, Minor Destruction, Lesser Servant of Makhleb,
Major Destruction, Greater Servant of Makhleb


You were on level 4 of the Swamp.
You worshipped Makhleb.
Makhleb was exalted by your worship.
You visited 6 branches of the dungeon, and saw 30 of its levels.
You also visited: Ice Cave.

You collected 3838 gold pieces.
You spent 1796 gold pieces at shops.

Inventory:

Hand Weapons
 a - a +6 demon trident of pain
 j - the +4 double sword "Arghykeha" {pain, rPois rC+ Will+}
   (You acquired it on level 2 of the Swamp)

   In the hands of one skilled in necromantic magic, it inflicts extra damage on
   living creatures.
   rC:        It protects you from cold.
   rPois:     It protects you from poison.
   Will:      It increases your willpower.
 n - a +3 long sword of holy wrath
 E - the +10 rapier of the Thirsty Ears (weapon) {elec, rF+ rC+ rCorr Str+3}
   (You found it on level 5 of the Lair of Beasts)

   Occasionally, upon striking a foe, it can discharge electrical energy and
   cause terrible harm.
   Str:       It affects your strength (+3).
   rF:        It protects you from fire.
   rC:        It protects you from cold.
   rCorr:     It protects you from acid and corrosion.
 I - a +2 glaive of flaming
 U - a +0 great sword of draining
Armour
 c - a +5 kite shield
 o - a +2 helmet (worn)
 t - +0 swamp dragon scales (worn)
 w - the +5 chain mail of a ziggurat {rElec rN+ Int+6 Dex+2}
   (You found it on level 5 of the Dungeon)

   Int:       It affects your intelligence (+6).
   Dex:       It affects your dexterity (+2).
   rElec:     It insulates you from electricity.
   rN:        It protects you from negative energy.
 x - a +2 cloak
 y - a +0 tower shield (worn)
 A - a +2 pair of boots (worn)
 M - a +1 crystal plate armour
 O - a +2 pair of gloves of stealth (worn)
 W - a scarf of resistance (worn)
Jewellery
 f - a +4 ring of protection (right hand)
 h - a ring of resist corrosion
 q - the macabre finger necklace (around neck) {rN+}
   (You found it on level 3 of the Lair of Beasts)

   [amulet of nothing]

   It enables you to equip an extra ring.
   rN:        It protects you from negative energy.
 u - a ring of protection from fire (left hand)
 R - a ring of willpower
 T - a +4 ring of protection (on amulet)
 X - a +4 ring of evasion
 Y - a ring of flight
Wands
 b - a wand of paralysis (14)
 l - a wand of iceblast (46)
 r - a wand of digging (7)
 C - a wand of acid (2)
 G - a wand of flame (39)
 H - a wand of polymorph (48)
Scrolls
 g - 2 scrolls of torment
 k - a scroll of fog
 s - 2 scrolls of magic mapping
 v - 6 scrolls of amnesia
 D - a scroll of holy word
 J - 4 scrolls of identify
 P - a scroll of brand weapon
Potions
 d - a potion of lignification
 m - 3 potions of brilliance
 p - 3 potions of degeneration
 z - 2 potions of cancellation
 B - a potion of magic
 F - a potion of attraction
 L - 3 potions of flight
Miscellaneous
 K - a condenser vane


   Skills:
 * Level 11.6 Fighting
 - Level 11.9(14.0) Short Blades
 + Level 13.4(15.3) Long Blades
 - Level 8.0(8.2) Axes
 + Level 2.2(4.7) Polearms
 + Level 0.2 Throwing
 + Level 12.0 Armour
 * Level 9.6 Dodging
 * Level 7.1 Stealth
 + Level 15.8 Shields
 * Level 2.5 Necromancy
 * Level 14.0 Invocations
 - Level 11.1 Evocations


You had 17 spell levels left.
You didn't know any spells.
Your spell library contained the following spells:

 Spells                   Type           Power      Damage    Failure   Level
 Pain                     Necr           20%        1d5       50%         1
 Sublimation of Blood     Necr           2%         N/A       65%         2
 Foxfire                  Conj/Fire      0%         2x1d4     85%         1
 Magic Dart               Conj           0%         1d3       85%         1
 Sting                    Tmut/Pois      0%         1d3       85%         1
 Call Imp                 Summ           0%         N/A       94%         2
 Ensorcelled Hibernation  Hex/Ice        0%         N/A       94%         2
 Poisonous Vapours        Pois/Air       0%         N/A       94%         2
 Slow                     Hex            0%         N/A       94%         2
 Static Discharge         Conj/Air       0%         N/A       94%         2
 Wereblood                Tmut           0%         N/A       94%         2
 Confusing Touch          Hex            0%         N/A       99%         3
 Conjure Flame            Conj/Fire      0%         6-21      99%         3
 Gell's Gravitas          Tloc           0%         N/A       99%         3
 Ignite Poison            Fire/Tmut/Pois 0%         N/A       99%         3
 Mephitic Cloud           Conj/Pois/Air  0%         N/A       99%         3
 Ozocubu's Armour         Ice            0%         N/A       99%         3
 Portal Projectile        Hex/Tloc       0%         N/A       99%         3
 Stone Arrow              Conj/Erth      0%         3d7       99%         3
 Teleport Other           Tloc           0%         N/A       99%         3
 Dispel Undead            Necr           5%         3d7       99%         4
 Animate Armour           Summ/Erth      0%         N/A       100%        4
 Olgreb's Toxic Radiance  Pois           0%         N/A       100%        4
 Petrify                  Tmut/Erth      0%         N/A       100%        4
 Sticky Flame             Conj/Fire      0%         2d3       100%        4
 Summon Ice Beast         Ice/Summ       0%         N/A       100%        4
 Agony                    Necr           5%         N/A       100%        5
 Alistair's Intoxication  Tmut/Pois      0%         N/A       100%        5
 Bolt of Magma            Conj/Fire/Erth 0%         4d4       100%        5
 Borgnjor's Vile Clutch   Necr/Erth      1%         N/A       100%        5
 Excruciating Wounds      Necr           2%         N/A       100%        5
 Fireball                 Conj/Fire      0%         3d3       100%        5
 Irradiate                Conj/Tmut      0%         3d13      100%        5
 Metabolic Englaciation   Hex/Ice        0%         N/A       100%        5
 Summon Mana Viper        Hex/Summ       0%         N/A       100%        5
 Yara's Violent Unravell  Hex/Tmut       0%         3d3       100%        5
 Dispersal                Tloc           0%         N/A       100%        6
 Eringya's Noxious Bog    Tmut/Pois      0%         N/A       100%        6
 Simulacrum               Ice/Necr       1%         N/A       100%        6
 Starburst                Conj/Fire      0%         8x6d3     100%        6
 Malign Gateway           Summ/Tloc      0%         N/A       100%        7
 Monstrous Menagerie      Summ           0%         N/A       100%        7
 Ozocubu's Refrigeration  Ice            0%         4d5       100%        7
 Summon Hydra             Summ           0%         N/A       100%        7
 Disjunction              Tloc           0%         N/A       100%        8
 Ignition                 Fire           0%         3d3       100%        8
 Infestation              Necr           2%         N/A       100%        8
 Lehudib's Crystal Spear  Conj/Erth      0%         10d2      100%        8
 Maxwell's Capacitive Co  Air            0%         ∞         100%        8
 Shatter                  Erth           0%         3d5*      100%        9


Dungeon Overview and Level Annotations

Branches:
Dungeon (13/15)            Temple (1/1) D:6            Lair (6/6) D:9
  Swamp (4/4) Lair:3        Snake (4/4) Lair:3        Slime (0/5) Lair:5
    Orc (2/2) D:10            Elf (0/3) Orc:2        Vaults (0/5) D:13
  IceCv (visited)

Altars:
Ashenzari
Cheibriados
Dithmenos
Elyvilon
Fedhas
Gozag
Hepliaklqana
Kikubaaqudgha
Makhleb
Nemelex Xobeh
Okawaru
Qazlal
Ru
Sif Muna
Trog
Uskayaw
Vehumet
Wu Jian
Xom
Yredelemnul
Zin
The Shining One
Beogh
Jiyva

Shops:
D:10 *   Orc:2 (*[=   Snake:1 *

Annotations:
Swamp:4 Lernaean hydra
Snake:2 Roxanne


Innate Abilities, Weirdness & Mutations

You are resistant to damage.
You can heal yourself by infusing magical energy.
You resist negative energy. (rN+)
You passively map a large area around you.
You do not regenerate.
Your muscles are very strong. (Str +4)


Message History

* * * LOW HITPOINT WARNING * * *
You block the 27-headed Lernaean hydra's attack.
The 27-headed Lernaean hydra bites you.
* * * LOW HITPOINT WARNING * * *
The 27-headed Lernaean hydra closely misses you.
The 27-headed Lernaean hydra bites you.
* * * LOW HITPOINT WARNING * * *
The 27-headed Lernaean hydra closely misses you.
The 27-headed Lernaean hydra misses you.
The 27-headed Lernaean hydra bites you!
* * * LOW HITPOINT WARNING * * *
The 27-headed Lernaean hydra bites you!
* * * LOW HITPOINT WARNING * * *
The 27-headed Lernaean hydra bites you but does no damage. x4
The 27-headed Lernaean hydra barely misses you.
The 27-headed Lernaean hydra bites you but does no damage. x5
The 27-headed Lernaean hydra bites you!
* * * LOW HITPOINT WARNING * * *
The 27-headed Lernaean hydra closely misses you.
The 27-headed Lernaean hydra bites you but does no damage. x2
The swamp dragon closely misses you. You block the swamp dragon's attack.
The swamp dragon tramples you but does no damage.
Okay, then.
Your unstable footing causes you to fumble your attack.
The 27-headed Lernaean hydra bites you but does no damage.
You block the 27-headed Lernaean hydra's attack.
The 27-headed Lernaean hydra bites you but does no damage.
You block the 27-headed Lernaean hydra's attack. x2
The 27-headed Lernaean hydra bites you but does no damage.
The 27-headed Lernaean hydra closely misses you.
The 27-headed Lernaean hydra bites you but does no damage. x3
The 27-headed Lernaean hydra barely misses you.
The 27-headed Lernaean hydra bites you but does no damage.
You block the 27-headed Lernaean hydra's attack.
The 27-headed Lernaean hydra bites you but does no damage.
The 27-headed Lernaean hydra closely misses you.
The 27-headed Lernaean hydra bites you but does no damage. x2
The 27-headed Lernaean hydra closely misses you.
The 27-headed Lernaean hydra bites you. The 27-headed Lernaean hydra bites you!
You die...

♣.≈≈≈...♣ ♣≈♣♣...§≈.§.≈≈.≈...≈≈†≈
♣.≈≈≈...♣ ♣♣♣≈≈≈≈≈≈≈..≈≈...≈.≈≈≈≈
♣.......♣♣♣♣♣≈≈≈≈≈§≈.≈≈.≈♣..≈≈≈≈≈
♣≈.♣♣...♣♣≈..≈§≈≈.≈≈..≈♣♣♣≈≈≈≈≈≈)
♣♣♣.≈...≈≈.≈≈≈≈≈.≈.≈.♣♣≈.§≈§≈≈≈.♣
♣≈≈.♣≈..≈...≈.÷°°..#≈.≈♣♣≈≈≈≈.♣
♣§≈≈§≈≈.≈.≈♣≈...≈.§≈≈≈♣♣♣♣♣≈≈♣♣
♣♣♣♣.≈≈≈≈≈≈≈.§°.#÷♣≈≈♣♣ ♣≈♣♣
♣≈.≈≈§≈.♣.≈@D...♣♣♣ ♣♣♣♣♣
♣≈..≈≈.♣♣≈.≈D≈.♣≈♣♣♣.≈♣ ####
♣♣♣≈≈♣♣.♣♣♣.≈≈...≈♣♣.≈#####≈≈#
♣♣≈♣♣♣♣♣♣♣♣≈.≈≈.≈.≈..####≈≈≈≈≈≈
♣...♣♣♣♣♣ ♣≈≈≈≈...[....#.≈.≈#≈≈
♣♣≈.♣.♣≈♣♣♣.≈≈≈≈.....≈..≈.≈....
♣♣....§...♣♣♣.≈...♣♣...##.≈≈≈≈≈.
♣.≈.≈≈.≈.)♣..≈...♣♣♣.######≈≈##°
♣♣.♣♣≈........♣♣♣≈≈♣♣.≈## ##.(≈.


You could see the 27-headed Lernaean hydra and a swamp dragon.

Vanquished Creatures
  Saint Roka (Orc:2)
  Nikola (Snake:2)
  Agnes (Snake:3)
  2 fenstrider witches
  8 nagarajas
  The ghost of Piulall the Severer, a journeyman FoFi of Uskayaw (D:13)
  Aizul (Snake:2)
  4 bunyips
  Snorg (Lair:4)
  4 eleionomae
  A shambling mangrove (Swamp:4)
  2 salamander tyrants
  A boulder beetle (Lair:6)
  15 hydras
  19 naga warriors
  4 ghost crabs (Swamp:4)
  3 centaur warriors (D:13)
  8 two-headed ogres
  9 anacondas
  12 alligators
  9 naga sharpshooters
  6 death yaks (Lair:5)
  An orc high priest (Orc:2)
  8 shock serpents
  Sonja (D:13)
  A shadow wraith (D:13)
  8 sea snakes (Snake:4)
  9 swamp dragons
  A salamander mystic (Snake:4)
  2 death drakes (Swamp:2)
  4 goliath frogs
  3 spriggan druids
  4 lindwurms (Lair:3)
  3 bog bodies
  A naga ritualist (Snake:2)
  6 orc knights
  2 necromancers
  A harpy (shapeshifter) (D:13)
  A wizard (D:13)
  5 orc sorcerers
  6 mana vipers
  3 ugly things
  An oklob plant (Orc:1)
  13 salamanders
  A manticore (D:12)
  4 will-o-the-wisps
  9 elephants (Lair:6)
  42 black mambas
  3 cyclopes
  19 naga magi
  4 gargoyles
  5 guardian serpents
  10 cane toads
  3 ice statues (IceCv)
  A cane toad (shapeshifter) (D:13)
  3 torpor snails (Lair:4)
  Maggie (Lair:1)
  An unseen horror (D:11)
  A komodo dragon (shapeshifter) (D:13)
  3 rime drakes (Lair:2)
  10 ice devils
  6 komodo dragons
  3 tyrant leeches
  8 trolls
  6 polar bears
  12 hornets
  6 slime creatures (D:13)
  7 blink frogs
  13 dream sheep
  A meliai zombie (D:10)
  18 spriggans
  A shadow (D:13)
  2 centaur simulacra
  A wraith (D:12)
  The ghost of atabob the Cleaver, an amateur GnWn (D:3)
  A vampire (D:9)
  Eustachio (D:5)
  57 yaks
  6 wyverns
  Grum (Lair:1)
  5 basilisks
  A water elemental (D:12)
  2 wargs (Orc:2)
  Menkaure (D:4)
  7 vampire mosquitoes
  11 swamp worms
  51 nagas
  14 water moccasins
  Duvessa (D:4)
  2 acid dragons
  5 black bears
  7 ice beasts
  26 orc warriors
  9 swamp drakes
  4 boggarts (Lair:6)
  2 necrophages
  20 wolves
  5 ogres
  16 centaurs
  Blork the orc (D:4)
  10 bullfrogs
  2 scorpions
  A water moccasin zombie (D:3)
  Dowan (D:4)
  8 electric eels
  4 centaur zombies
  A hound (D:7)
  6 jellies
  3 bullfrog skeletons
  10 orc priests
  Crazy Yiuf (D:2)
  2 iguanas (D:6)
  24 orc wizards
  5 polar bear simulacra (D:12)
  3 troll simulacra (IceCv)
  6 hell rats (Lair:5)
  A spriggan simulacrum (IceCv)
  3 yak simulacra (D:12)
  3 wolf simulacra (D:12)
  3 killer bee zombies
  A howler monkey zombie (D:9)
  3 gnolls (D:6)
  An ogre simulacrum (IceCv)
  9 adders
  4 naga simulacra (IceCv)
  A shadow imp (D:6)
  2 white imps (D:12)
  2 ufetubi
  3 dart slugs
  43 orcs
  6 endoplasms
  A giant cockroach (D:2)
  2 hobgoblins
  6 jackals
  2 quokkas (D:3)
  A ball python (D:1)
  5 bats
  2 frilled lizards (D:1)
  6 goblins
  8 kobolds
  8 rats
871 creatures vanquished.

Vanquished Creatures (collateral kills)
  Louise (Swamp:2)
  3 naga warriors (Snake:1)
  2 naga sharpshooters (Snake:1)
  3 oklob plants (Lair:5)
  A mana viper (Snake:1)
  4 naga magi
  A tyrant leech (Swamp:2)
  A spriggan (Swamp:2)
  7 nagas (Snake:1)
  A swamp drake (Swamp:2)
24 creatures vanquished.

Vanquished Creatures (others)
  A salamander (Snake:2)
  An unseen horror (D:13)
  2 bloated husks
  A tyrant leech (Swamp:4)
  2 nagas
  An orc (Orc:1)
  50 foxfires
  17 fungi
  21 plants
96 creatures vanquished.

Grand Total: 991 creatures vanquished

Notes
Turn   | Place    | Note
-------+----------+-------------------------------------------
     0 | D:1      | Tocho the Deep Dwarf Fighter began the quest for the Orb.
     0 | D:1      | Reached XP level 1. HP: 20/20 MP: 1/1
   306 | D:1      | Reached XP level 2. HP: 27/27 MP: 2/2
   919 | D:2      | Reached XP level 3. HP: 14/33 MP: 3/3
  1149 | D:2      | Found a runed translucent door.
  1150 | D:2      | Noticed Crazy Yiuf
  1396 | D:2      | Killed Crazy Yiuf
  1397 | D:2      | Reached XP level 4. HP: 35/40 MP: 3/3
  1540 | D:3      | Found a runed translucent gate.
  1541 | D:3      | Found a runed translucent gate.
  1542 | D:3      | Found a runed translucent gate.
  1719 | D:3      | Reached XP level 5. HP: 24/49 MP: 4/4
  2131 | D:3      | Noticed atabob's ghost (amateur GnWn)
  2155 | D:3      | Killed atabob's ghost
  2156 | D:3      | Reached skill level 5 in Axes
  2156 | D:3      | Reached skill level 4 in Shields
  2156 | D:3      | Reached XP level 6. HP: 53/56 MP: 4/4
  2161 | D:3      | Reached skill level 1 in Dodging
  2215 | D:4      | Noticed an ice beast
  2227 | D:4      | Killed an ice beast
  2228 | D:4      | Reached XP level 7. HP: 43/62 MP: 5/5
  2320 | D:4      | Noticed Menkaure
  2327 | D:4      | Killed Menkaure
  2339 | D:4      | Noticed Blork the orc
  2350 | D:4      | Killed Blork the orc
  2492 | D:4      | Noticed Duvessa
  2492 | D:4      | Noticed Dowan
  2502 | D:4      | Killed Duvessa
  2503 | D:4      | Reached skill level 5 in Armour
  2503 | D:4      | Killed Dowan
  2549 | D:4      | Reached skill level 1 in Long Blades
  2549 | D:4      | Reached XP level 8. HP: 52/72 MP: 6/6
  2761 | D:5      | Entered Level 5 of the Dungeon
  2765 | D:5      | Reached skill level 5 in Shields
  3121 | D:5      | Identified the +5 chain mail of a ziggurat {rElec rN+ Int+6
                  | Dex+2}
  3208 | D:5      | Found a large runed translucent door.
  3208 | D:5      | Found a large runed translucent door.
  3420 | D:5      | Noticed Eustachio
  3421 | D:5      | Found a shimmering altar of Xom.
  3526 | D:5      | Killed Eustachio
  3542 | D:5      | Found a white marble altar of Elyvilon.
  3786 | D:6      | Reached skill level 5 in Long Blades
  3855 | D:6      | Found a hide-covered altar of Uskayaw.
  3855 | D:6      | Found an opulent altar of Gozag.
  3919 | D:6      | Identified the +1 leather armour of Happy Babbling {+Inv
                  | rCorr Int+4}
  4158 | D:6      | Found a staircase to the Ecumenical Temple.
  4164 | Temple   | Entered the Ecumenical Temple
  4400 | Temple   | Became a worshipper of Makhleb the Destroyer
  4523 | D:7      | Identified the +3 ring mail "Xonum" {-Cast Will+ Regen+}
  4616 | D:7      | Reached skill level 6 in Shields
  4672 | D:7      | Gained mutation: You passively map the area around you.
                  | [Deep Dwarf growth]
  4672 | D:7      | Reached XP level 9. HP: 68/78 MP: 7/7
  5217 | D:8      | Paralysed by a hornet for 1 turns
  5308 | D:8      | Found a bloodstained altar of Trog.
  5898 | D:9      | Noticed a troll
  5910 | D:9      | Killed a troll
  5982 | D:9      | Reached skill level 7 in Shields
  5997 | D:9      | Noticed a gargoyle
  6029 | D:9      | Killed a gargoyle
  6126 | D:9      | Noticed a two-headed ogre
  6144 | D:9      | Killed a two-headed ogre
  6145 | D:9      | Reached XP level 10. HP: 29/87 MP: 8/8
  6264 | D:9      | Paralysed by a hornet for 3 turns
  6271 | D:9      | Found a staircase to the Lair.
  6354 | D:9      | Reached * piety under Makhleb
  6455 | D:9      | Reached skill level 8 in Shields
  6626 | D:9      | Paralysed by a hornet for 3 turns
  6672 | D:10     | Entered Level 10 of the Dungeon
  6701 | Lair:1   | Entered Level 1 of the Lair of Beasts
  6712 | Lair:1   | Reached skill level 5 in Fighting
  6788 | Lair:1   | Noticed Grum
  6805 | Lair:1   | Killed Grum
  6815 | Lair:1   | Noticed Maggie
  6836 | Lair:1   | Reached skill level 10 in Long Blades
  6852 | Lair:1   | Killed Maggie
  7588 | Lair:2   | Noticed a black mamba
  7609 | Lair:2   | Killed a black mamba
  7685 | Lair:2   | Reached XP level 11. HP: 59/96 MP: 8/8
  7739 | Lair:2   | Reached skill level 9 in Shields
  7976 | Lair:2   | Noticed a five-headed hydra
  8029 | Lair:2   | Killed a one-headed hydra
  8106 | Lair:2   | Reached skill level 1 in Polearms
  8780 | Lair:3   | Noticed a seven-headed hydra
  8824 | Lair:3   | Reached skill level 1 in Invocations
  8824 | Lair:3   | Reached skill level 1 in Evocations
  8824 | Lair:3   | Noticed a bog body
  8856 | Lair:3   | Reached ** piety under Makhleb
  8873 | Lair:3   | Killed a bog body
  8938 | Lair:3   | Reached XP level 12. HP: 70/105 MP: 8/8
  8960 | Lair:3   | Found a staircase to the Swamp.
  9003 | Lair:3   | Found the macabre finger necklace {rN+}
  9047 | Lair:3   | Found a staircase to the Snake Pit.
  9148 | Lair:3   | Got Gumnagel's Volume of Malediction and Lightness
  9463 | Lair:3   | Killed a two-headed hydra
  9621 | Lair:3   | Gained mutation: You are occasionally teleported next to
                  | monsters. [potion of mutation]
  9621 | Lair:3   | Lost mutation: You are occasionally teleported next to
                  | monsters. [potion of mutation]
 10029 | Lair:4   | Reached skill level 10 in Shields
 10080 | Lair:4   | Found a snail-covered altar of Cheibriados.
 10359 | Lair:4   | Reached *** piety under Makhleb
 10511 | Lair:4   | Noticed Snorg
 10574 | Lair:4   | Killed Snorg
 10930 | Lair:5   | Noticed a four-headed hydra
 11187 | Lair:5   | Identified the +10 rapier of the Thirsty Ears {elec, rF+
                  | rC+ rCorr Str+3}
 11202 | Lair:5   | Noticed a death yak
 11203 | Lair:5   | Noticed a death yak
 11203 | Lair:5   | Noticed a death yak
 11215 | Lair:5   | Noticed a death yak
 11216 | Lair:5   | Noticed a death yak
 11220 | Lair:5   | Killed a death yak
 11225 | Lair:5   | Noticed a death yak
 11230 | Lair:5   | Killed a death yak
 11231 | Lair:5   | Reached skill level 1 in Short Blades
 11231 | Lair:5   | Reached skill level 5 in Evocations
 11237 | Lair:5   | Killed a death yak
 11249 | Lair:5   | Killed a death yak
 11254 | Lair:5   | Killed a death yak
 11255 | Lair:5   | Reached skill level 5 in Invocations
 11268 | Lair:5   | Killed a death yak
 11269 | Lair:5   | Reached XP level 13. HP: 73/115 MP: 8/8
 11805 | Lair:5   | Found a staircase to the Slime Pits.
 11818 | Lair:5   | Reached skill level 5 in Dodging
 11923 | Lair:6   | Entered Level 6 of the Lair of Beasts
 12040 | Lair:6   | Reached skill level 1 in Stealth
 12135 | Lair:6   | Reached skill level 5 in Short Blades
 12158 | Lair:6   | Reached **** piety under Makhleb
 12597 | Lair:6   | Reached skill level 11 in Shields
 12629 | Lair:6   | Reached ***** piety under Makhleb
 12717 | Lair:6   | Gained mutation: You resist negative energy. (rN+) [Deep
                  | Dwarf growth]
 12717 | Lair:6   | Reached XP level 14. HP: 124/124 MP: 10/10
 13676 | D:10     | Found Qecwad's General Store.
 13691 | D:10     | Bought a +2 pair of boots for 181 gold pieces
 13985 | D:10     | Found a staircase to the Orcish Mines.
 14080 | D:10     | Found an ornate altar of the Wu Jian Council.
 15965 | D:12     | Found a frozen archway.
 16002 | IceCv    | Entered an ice cave
 16333 | IceCv    | Identified the +4 chain mail of Creativity {Harm rElec
                  | Int+7 Dex-5 Stlth-}
 16838 | D:13     | Noticed Sonja
 16924 | D:13     | Reached skill level 12 in Shields
 16958 | D:13     | Killed Sonja
 17107 | D:13     | Found a runed translucent gate.
 17108 | D:13     | Found a runed translucent gate.
 17109 | D:13     | Found a runed translucent gate.
 17114 | D:13     | Noticed Piulall's ghost (journeyman FoFi)
 17119 | D:13     | Found a viscous altar of Jiyva.
 17154 | D:13     | Killed Piulall's ghost
 17154 | D:13     | Reached ****** piety under Makhleb
 17173 | D:13     | Reached XP level 15. HP: 79/134 MP: 13/13
 17490 | D:13     | Found a gate to the Vaults.
 17892 | Orc:1    | Entered Level 1 of the Orcish Mines
 17902 | Orc:1    | Reached skill level 10 in Short Blades
 17987 | Orc:1    | Reached skill level 10 in Invocations
 18794 | Orc:2    | Entered Level 2 of the Orcish Mines
 18845 | Orc:2    | Found a staircase to the Elven Halls.
 18985 | Orc:2    | Paralysed by an orc sorcerer for 5 turns
 19095 | Orc:2    | Noticed Saint Roka
 19251 | Orc:2    | Killed Saint Roka
 19252 | Orc:2    | Reached skill level 10 in Armour
 19403 | Orc:2    | Found Hytipn's General Store.
 19410 | Orc:2    | Bought a +1 crystal plate armour for 1131 gold pieces
 19410 | Orc:2    | Bought a potion of might for 52 gold pieces
 19553 | Orc:2    | Found Dilawi's Jewellery Emporium.
 19569 | Orc:2    | Found Rugraosy's Antique Armour Emporium.
 19586 | Orc:2    | Bought an embroidered scarf for 216 gold pieces
 19586 | Orc:2    | Bought a glowing scarf for 216 gold pieces
 19626 | Orc:2    | Found Yqum's Antique Weapon Emporium.
 20329 | Lair:3   | Got Xutawef's Handbook of the Evil Birds
 20331 | Lair:3   | Got the Compendium of Burning Displacement
 20521 | Snake:1  | Entered Level 1 of the Snake Pit
 20597 | Snake:1  | Found Fexuh's Overcharged Wands.
 20666 | Snake:1  | Reached skill level 10 in Evocations
 20666 | Snake:1  | Noticed a nagaraja
 20687 | Snake:1  | Killed a nagaraja
 21811 | Snake:2  | Reached XP level 16. HP: 119/144 MP: 11/11
 21964 | Snake:2  | Reached skill level 13 in Shields
 21989 | Snake:2  | Reached XP level 17. HP: 144/151 MP: 12/12
 22095 | Snake:2  | Noticed Roxanne
 22174 | Snake:2  | Noticed Nikola
 22205 | Snake:2  | Killed Nikola
 22691 | Snake:3  | Noticed Aizul
 22729 | Snake:2  | Killed Aizul
 22986 | Snake:3  | Noticed Agnes
 23014 | Snake:3  | Killed Agnes
 23199 | Snake:3  | Reached skill level 14 in Shields
 23354 | Snake:4  | Entered Level 4 of the Snake Pit
 23542 | Snake:4  | Reached skill level 10 in Fighting
 24130 | Snake:4  | Gained mutation: You passively map a large area around you.
                  | [Deep Dwarf growth]
 24130 | Snake:4  | Reached XP level 18. HP: 88/163 MP: 10/10
 24733 | Snake:4  | Reached skill level 5 in Stealth
 24737 | Snake:4  | Got a serpentine rune of Zot
 24928 | Snake:3  | Upgraded the game from 0.27-a0-1431-gcffa5a9b16 to
                  | 0.27-a0-1442-g87b6fcb595
 25983 | Swamp:1  | Entered Level 1 of the Swamp
 25999 | Swamp:1  | Reached skill level 15 in Shields
 26714 | Swamp:2  | Noticed Louise
 26719 | Swamp:2  | Identified the +3 rapier "Owuaseom" {flame, rElec Dex+3}
 26735 | Swamp:2  | Killed Louise
 27148 | Swamp:2  | Identified 2 scrolls of acquirement
 27148 | Swamp:2  | Acquired 862 gold pieces
 27149 | Swamp:2  | Acquired the +4 double sword "Arghykeha" {pain, rPois rC+
                  | Will+}
 27187 | Swamp:2  | Gained mutation: Your muscles are strong. (Str +2) [potion
                  | of mutation]
 27187 | Swamp:2  | Gained mutation: Your muscles are very strong. (Str +4)
                  | [potion of mutation]
 27576 | Swamp:3  | Reached skill level 1 in Necromancy
 27978 | Swamp:4  | Entered Level 4 of the Swamp
 28716 | Swamp:4  | Noticed the 27-headed Lernaean hydra
 29053 | Swamp:4  | HP: 6/165 [the 27-headed Lernaean hydra (9)]
 29054 | Swamp:4  | Slain by the 27-headed Lernaean hydra

Illustrated notes

Levels and vault maps discovered:
D:1:      lightli_arrival_isolated_outpost, layout_loops_corners
D:2:      layout_rooms, kennysheep_nondescript, uniq_crazy_yiuf_cottage
D:3:      layout_loops_ring, gammafunk_ghost_necromancy
D:4:      layout_rooms, hangedman_decor_clover_reticule, uniq_menkaure,
          uniq_duvessa, uniq_blork_the_orc
D:5:      layout_loops_cross, jmf_multi_god_temple2, minmay_holes,
          patterned_corridor, uniq_eustachio
D:6:      layout_cave_pools, gammafunk_temple_overflow_elements,
          minmay_temple_entry_fiery, hangedman_decor_riveting
D:7:      layout_basic
D:8:      layout_basic, kennysheep_mini_moat
D:9:      layout_cave_pools, david_lair_generic
D:10:     layout_basic, nzn_wu_jian_contemplation, serial_shops, shop,
          minmay_misc_feat_plants
D:11:     layout_roguey, worms_lemuel
D:12:     layout_loops_ring, serial_ice, serial_ice_j, serial_ice_c,
          serial_ice_a, serial_ice_d, serial_ice_m,
          portal_ice_cave_demonic_guard, eino_house_with_fridge
D:13:     layout_rooms, david_vaults_4, gammafunk_ghost_ooze, uniq_sonja
Temple:   eino_temple_rhombus
Lair:1:   layout_roguey, minmay_hedge_maze, uniq_grum, uniq_maggie
Lair:2:   layout_regular_city, grunt_megastairs_2, infiniplex_staircase_pool,
          lemuel_fruit_tree
Lair:3:   layout_regular_city, skrybe_swamp_entry_bodies, dummy_snake_entry,
          chequers_serial_rivers_micro_d, minmay_lindwurm_lava
Lair:4:   layout_hall_layers, serial_bayou_pond_e, kennysheep_snail_temple,
          uniq_snorg
Lair:5:   layout_misc_corridors, minmay_slime_entry_oklob_enclosed
Lair:6:   minmay_lair_end_enchanted_forest, layout_misc_corridors
Swamp:1:  layout_basic_swamp, evilmike_swamp_ruin_house_5, swamp_pool1,
          infiniplex_staircase_pool_2
Swamp:2:  layout_falls_marsh, evilmike_swamp_ruin_rubble_1,
          nicolae_swamp_drake_lake, uniq_louise
Swamp:3:  layout_basic_swamp, evilmike_swamp_ruin_wall, swamp_pool4,
          nicolae_swamp_orc_logging_accident
Swamp:4:  swamp_old_school, layout_basic_swamp, swamp_pool2
Snake:1:  nicolae_snake_hallway, layout_basic, nicolae_shop_overcharged_wands
Snake:2:  layout_concentric_octagons, uniq_nikola, uniq_roxanne, uniq_saint_roka
Snake:3:  layout_misc_corridors, special_room, grunt_ministairs_15, uniq_agnes,
          uniq_aizul
Snake:4:  grunt_snake_rune_pools, layout_onion, grunt_megastairs_3
Orc:1:    layout_caves, mines3_lemuel
Orc:2:    grunt_orc_cross, layout_caves

Skill      XL: |  1  2  3  4  5  6  7  8  9 10 11 12 13 14 15 16 17 18 |
---------------+-------------------------------------------------------+-----
Axes           | 3 4 5 6 8 |  8.0
Armour         | 4 5 6 7 8 9 10 11 12 | 12.0
Fighting       | 3 4 5 6 7 8 9 10 11 | 11.6
Shields        | 4 6 7 8 9 10 11 12 13 14 15 | 15.8
Dodging        | 1 2 3 4 5 6 7 9 |  9.6
Long Blades    | 1 5 8 10 12 13 | 13.4
Polearms       | 1 2 |  2.2
Invocations    | 2 5 7 9 11 13 14 | 14.0
Evocations     | 2 5 7 9 10 11 | 11.1
Short Blades   | 2 6 9 11 | 11.9
Stealth        | 1 2 4 7 |  7.1
Necromancy     | 2 |  2.5
Throwing       | |  0.2

Action                   |  1- 3 |  4- 6 |  7- 9 | 10-12 | 13-15 | 16-18 || total
-------------------------+-------+-------+-------+-------+-------+-------++-------
Melee: War axe           |   111 |    88 |    21 |       |       |       ||   220
       Unarmed           |     1 |       |       |       |       |       ||     1
       Long sword        |       |       |   355 |   956 |       |       ||  1311
       Glaive            |       |       |       |    26 |    11 |       ||    37
       Rapier            |       |       |       |    51 |  1740 |  1563 ||  3354
Throw: Throwing net      |       |       |       |       |     1 |     1 ||     2
       Dart              |       |       |       |       |     1 |     5 ||     6
Invok: Lesser Servant of |       |       |       |       |     5 |       ||     5
       Greater Servant o |       |       |       |       |     8 |     4 ||    12
       Minor Destruction |       |       |       |       |       |     1 ||     1
 Abil: Heal Wounds       |     5 |     1 |     9 |    32 |    44 |    71 ||   162
Evoke: Wand              |       |       |       |     5 |    15 |     1 ||    21
  Use: Scroll            |     6 |     1 |     5 |    11 |     5 |    17 ||    45
       Potion            |       |     1 |     3 |    10 |     4 |    20 ||    38
 Stab: Distracted        |       |       |       |       |     3 |     2 ||     5
       Invisible         |       |       |       |       |       |     5 ||     5
       Sleeping          |       |       |       |       |       |     3 ||     3
       Confused          |       |       |       |       |       |     2 ||     2
       Paralysed         |       |       |       |       |       |     1 ||     1
Armor: Scale mail        |    48 |    35 |    16 |       |       |       ||    99
       Chain mail        |       |       |   151 |   346 |   482 |       ||   979
       Ring mail         |       |       |    20 |       |       |       ||    20
       Plate armour      |       |       |     1 |       |       |       ||     1
       Skin              |       |       |     1 |     9 |       |       ||    10
       Crystal plate arm |       |       |       |       |   113 |   415 ||   528
       Swamp dragon scal |       |       |       |       |       |   456 ||   456
Dodge: Dodged            |    28 |    38 |   189 |   406 |   474 |   403 ||  1538
Block: Kite shield       |    45 |    45 |   353 |   537 |  1276 |   774 ||  3030
       Tower shield      |       |       |       |       |       |   631 ||   631
       Rpst.: Long sword |       |       |    60 |   110 |       |       ||   170

Table legend: (Time is in decaauts)
 A = Elapsed time spent in this place.
 B = Non-inter-level travel time spent in this place.
 C = Inter-level travel time spent in this place.
 D = Time resting spent in this place.
 E = Time spent auto-exploring this place.
 F = Levels seen in this place.
 G = Mean time per level.
                   A        B        C        D        E       F      G
               +--------+--------+--------+--------+--------+-----+--------+
         Total |  28625 |  26307 |   2318 |   1149 |  15490 |  31 |  923.4 |
       Dungeon |  10578 |   9804 |    774 |    100 |   6755 |  13 |  813.7 |
        Temple |    253 |    207 |     46 |      0 |    187 |   1 |  253.0 |
          Lair |   7472 |   6329 |   1143 |      0 |   3749 |   6 | 1245.3 |
         Swamp |   3211 |   3067 |    144 |    103 |   1712 |   4 |  802.8 |
     Snake Pit |   4691 |   4514 |    177 |    846 |   1772 |   4 | 1172.8 |
  Orcish Mines |   1986 |   1953 |     33 |    100 |   1195 |   2 |  993.0 |
      Ice Cave |    431 |    431 |      0 |      0 |    118 |   1 |  431.0 |
               +--------+--------+--------+--------+--------+-----+--------+

Top non-repeatable levels by time:
 Snake:1: 1703 daAuts
  Lair:3: 1532 daAuts
 Snake:4: 1361 daAuts
    D:10: 1323 daAuts
  Lair:4: 1322 daAuts
  Lair:2: 1268 daAuts
  Lair:6: 1182 daAuts
  Lair:1: 1087 daAuts
   Orc:2: 1085 daAuts
  Lair:5: 1079 daAuts
 Snake:2: 1063 daAuts
 Swamp:4: 1051 daAuts
     D:9: 956 daAuts
    D:12: 955 daAuts
   Orc:1: 901 daAuts
